 Dungeon Crawl Stone Soup version 0.14.0-12-g87ee3b7 (webtiles) character file.

56 Qrupt the Cutter (level 3, 0/25 HPs)
             Began as a Halfling Fighter on Apr 16, 2014.
             Succumbed to an adder's poison
             ... while paralysed by a potion of paralysis
             ... on Level 1 of the Dungeon.
             The game lasted 00:02:52 (740 turns).

Qrupt the Cutter (Halfling Fighter)                  Turns: 740, Time: 00:02:52

HP   0/25        AC  6     Str 14      XL: 3   Next: 85%
MP   3/3         EV  3     Int  8      God:
Gold 12          SH  0     Dex 15      Spells:  0 memorised,  2 levels left

rFire  . . .     SeeInvis .     a - +0 cutlass
rCold  . . .     Clarity  .     b - +0 scale mail
rNeg   . . .     Conserve .     c - +0 buckler
rPois  .         rCorr    .     (no helmet)
rElec  .         rRot     .     (no cloak)
SustAb . .       Spirit   .     (no gloves)
rMut   .         Warding  .     (no boots)
Saprov . . .     Stasis   .     (no amulet)
MR     .....                    (no ring)
                                (no ring)

@: paralysed, lethally poisoned, not resistant to hostile enchantments,
extremely unstealthy
A: mutation resistance 1, slow metabolism 1
a: no special abilities


You were on level 1 of the Dungeon.
You were not hungry.

You visited 1 branch of the dungeon, and saw 2 of its levels.

You collected 12 gold pieces.

Inventory:

Hand weapons
 a - a +0,+0 cutlass (weapon)
 n - a +2,+0 sling of flame
Missiles
 o - 23 stones (quivered)
Armour
 b - a +0 scale mail (worn)
 c - a +0 buckler (worn)
Comestibles
 d - 3 bread rations
Scrolls
 g - a scroll of teleportation {unknown}
 k - a scroll of enchant armour {unknown}
 m - a scroll of random uselessness {unknown}
Jewellery
 h - a cursed -2 ring of strength {unknown}
Potions
 e - a potion of might
 i - a potion of lignification {unknown}
 j - a potion of restore abilities {unknown}
 l - a potion of beneficial mutation {unknown}


   Skills:
 - Level 2.6 Fighting
 + Level 5.1 Short Blades
 - Level 2.4 Armour
 - Level 3.2 Shields


You had 2 spell levels left.
You didn't know any spells.

Dungeon Overview and Level Annotations

Branches:
Dungeon (2/15)

Altars:


Innate Abilities, Weirdness & Mutations

You are small and have problems with some larger weapons.
You are somewhat resistant to further mutation.
You have a slow metabolism.


Message History

The gnoll barely misses you. You block the adder's attack.
You barely miss the adder.
The adder is almost dead.
You feel sick. The adder bites you but does no damage.
The gnoll hits you from afar with a spear.
* * * LOW HITPOINT WARNING * * *
You puncture the adder!
You kill the adder!
Your Short Blades skill increases to level 5!
The gnoll barely misses you.
You feel sick.
There is a stone staircase leading up here.
You feel sick.
The gnoll hits you from afar with a spear.
* * * LOW HITPOINT WARNING * * *
You climb upwards.
There is a stone staircase leading down here.
Drink which item? (? for menu, Esc to quit)
You suddenly lose the ability to move!
It was a potion of paralysis.
You die...

#..##..###..###...##
#####.#.........# ##.##
#......##......## #.#
#.###.########## #.# #.#
###.......# #.# #.#
#.......######.#### #.#
#.......#.........# #.#
#.......#.#.##..#.# ##.#
#.@.....#.#.##..#.# #..#
#.......#.#.....#.# #.##
#.......#.#..##.#.# #.#
#.#######.#..##.#.# #.# #.#
#...%.....# #.# #)# ####.######
#.# ####.##########.# #.#
#..............%###### #
######.###....##..#######......


There were no monsters in sight!

Vanquished Creatures
  An adder (D:2)
  7 bats
  3 hobgoblins (D:1)
  7 jackals (D:1)
  2 giant cockroaches (D:1)
  5 giant newts (D:1)
  A goblin (D:1)
  A kobold (D:1)
  6 rats (D:1)
33 creatures vanquished.

Notes
Turn   | Place    | Note
--------------------------------------------------------------
     0 | D:1      | Qrupt, the Halfling Fighter, began the quest for the Orb.
     0 | D:1      | Reached XP level 1. HP: 15/15 MP: 1/1
   140 | D:1      | Reached XP level 2. HP: 18/20 MP: 2/2
   257 | D:1      | Reached skill level 4 in Short Blades
   338 | D:1      | Reached XP level 3. HP: 22/25 MP: 3/3
   733 | D:2      | Reached skill level 5 in Short Blades
   737 | D:2      | HP: 1/25 [gnoll/spear (4)]
   739 | D:1      | Paralysed by a potion of paralysis for 2 turns
   740 | D:1      | Succumbed to an adder's poison

Action                   || total
-------------------------++-------
Melee: Cutlass           ||   133
  Use: Potion            ||     1
